 Dungeon Crawl Stone Soup version 0.27-a0-54-g64bdb92e38 (webtiles) character file.

Game seed: 3100884697593226105

206 runemasterragnar the Skirmisher (level 5, -10/61 HPs)
             Began as an Ogre Monk on Jan 8, 2021.
             Mangled by an iguana (12 damage)
             ... on level 4 of the Dungeon.
             The game lasted 00:02:51 (2518 turns).

runemasterragnar the Skirmisher (Ogre Monk)         Turns: 2518, Time: 00:02:51

Health: -10/61     AC:  3    Str: 15    XL:     5   Next: 84%
Magic:  5/5        EV: 11    Int: 12    God:
Gold:   51         SH:  0    Dex: 11    Spells: 2/4 levels left

rFire    . . .     SeeInvis .   a - +0 mace
rCold    . . .     Faith    .   (no shield)
rNeg     . . .     Spirit   .   b - +0 robe
rPois    .         Reflect  .   (helmet restricted)
rElec    .         Harm     .   d - scarf {+Inv}
rCorr    .         Rampage  .   (gloves unavailable)
Will     .....                  (boots unavailable)
Stlth    ++........             (no amulet)
HPRegen  0.20/turn              (no ring)
MPRegen  0.09/turn              (no ring)

@: no status effects
A: large, unfitting armour, tough skin 1
a: Evoke Invisibility


You were on level 4 of the Dungeon.
You visited 1 branch of the dungeon, and saw 5 of its levels.

You collected 51 gold pieces.

Inventory:

Hand Weapons
 a - a +0 mace (weapon)
Armour
 b - a +0 robe (worn)
 d - a scarf of invisibility (worn)
Jewellery
 e - a +6 ring of intelligence {unknown}
Scrolls
 c - 3 scrolls of identify {unknown}


   Skills:
 * Level 6.5 Fighting
 + Level 3.6 Maces & Flails
 + Level 3.6 Dodging
 - Level 1.4 Stealth


You had 2 spell levels left.
You knew the following spells:

 Your Spells              Type           Power        Failure   Level
a - Blink                 Tloc           N/A          45%         2

Your spell library contained the following spells:

 Spells                   Type           Power        Failure   Level
 Magic Dart               Conj           0%           32%         1
 Call Imp                 Summ           0%           45%         2
 Slow                     Hex            0%           45%         2
 Conjure Flame            Conj/Fire      0%           69%         3
 Mephitic Cloud           Conj/Pois/Air  0%           69%         3


Dungeon Overview and Level Annotations

Branches:
Dungeon (5/15)
 Temple: D:4-7

Altars:


Innate Abilities, Weirdness & Mutations

You are too large for most types of armour.
You have tough skin. (AC +1)


Message History

The iguana is heavily wounded.
The iguana bites you!
An iguana is nearby!
You are too injured to fight recklessly!
You are too injured to fight recklessly!
You hit the iguana.
The iguana is heavily wounded.
The iguana barely misses you.
You completely miss the iguana.
The iguana is heavily wounded.
The iguana bites you. The iguana bites you!
* * * LOW HITPOINT WARNING * * *
You hit the iguana but do no damage.
The iguana is heavily wounded.
The iguana bites you!
* * * LOW HITPOINT WARNING * * *
You hit the iguana.
The iguana is severely wounded.
The iguana bites you!
You die...

##### #... ##
##########.### ..#
#............## ...
#.####......#.####...
#.# #.###.#l##...##
#># #.# #.#@#.....###
#####.# #.#
#.#.........# ......#
#.# #.###.†>.....
####### #.# #.#
##.....#. #.# #.#
####... #.# #.# .#
#.#


You could see an iguana.

Vanquished Creatures
  A centaur zombie (D:3)
  2 centaur skeletons
  A hound skeleton (D:5)
  3 adders
  An ooze (D:2)
  4 worms
  3 leopard geckos
  4 orcs
  A ball python (D:2)
  7 bats
  2 goblins (D:1)
  4 hobgoblins
  A quokka (D:3)
  3 frilled lizards
  5 kobolds
  A quokka skeleton (D:5)
  6 rats
49 creatures vanquished.

Vanquished Creatures (others)
  An orc wizard (D:3)
  2 fungi (D:3)
  6 plants (D:3)
9 creatures vanquished.

Grand Total: 58 creatures vanquished

Notes
Turn   | Place    | Note
-------+----------+-------------------------------------------
     0 | D:1      | runemasterragnar the Ogre Monk began the quest for the Orb.
     0 | D:1      | Reached XP level 1. HP: 24/24 MP: 1/1
    67 | D:1      | Reached XP level 2. HP: 24/33 MP: 2/2
   318 | D:2      | Reached XP level 3. HP: 17/41 MP: 3/3
   619 | D:1      | You fall into a shaft and drop 1 floor!
   693 | D:2      | Reached skill level 5 in Fighting
  1538 | D:3      | Reached XP level 4. HP: 50/50 MP: 4/4
  2024 | D:3      | Reached skill level 6 in Fighting
  2024 | D:3      | Reached XP level 5. HP: 29/59 MP: 5/5
  2223 | D:5      | Entered Level 5 of the Dungeon
  2261 | D:5      | Learned a level 2 spell: Blink
  2321 | D:5      | Noticed a phantom
  2517 | D:4      | HP: 2/61 [iguana (12)]
  2518 | D:4      | Mangled by an iguana

Illustrated notes

Levels and vault maps discovered:
D:1:      minmay_arrival_four_loops, layout_rooms
D:2:      layout_basic, kennysheep_generic_room_3
D:3:      layout_loops_ring, st_stairs_13, skrybe_limestone_x,
          nicolae_ru_the_path_less_chosen, uniq_grinder
D:4:      minmay_octagon_keep, layout_loops_ring, temple_doors_cd
D:5:      layout_cave_pools

Skill      XL: |  1  2  3  4 |
---------------+-------------+-----
Maces & Flails | 3 |  3.6
Dodging        | 3 |  3.6
Fighting       | 5 6 |  6.5
Stealth        | |  1.4

Action                   |  1- 3 |  4- 6 || total
-------------------------+-------+-------++-------
Melee: Mace              |   109 |    82 ||   191
  Use: Potion            |     1 |       ||     1
 Stab: Sleeping          |     2 |     2 ||     4
Armor: Robe              |    32 |    14 ||    46
Dodge: Dodged            |    73 |    61 ||   134

Table legend: (Time is in decaauts)
 A = Elapsed time spent in this place.
 B = Non-inter-level travel time spent in this place.
 C = Inter-level travel time spent in this place.
 D = Time resting spent in this place.
 E = Time spent auto-exploring this place.
 F = Levels seen in this place.
 G = Mean time per level.
                   A        B        C        D        E       F      G
               +--------+--------+--------+--------+--------+-----+--------+
         Total |   2567 |   2534 |     33 |    802 |   1134 |   5 |  513.4 |
       Dungeon |   2567 |   2534 |     33 |    802 |   1134 |   5 |  513.4 |
               +--------+--------+--------+--------+--------+-----+--------+

Top non-repeatable levels by time:
     D:3: 1105 daAuts
     D:2: 762 daAuts
     D:1: 377 daAuts
     D:4: 228 daAuts
     D:5: 94 daAuts
